 Dungeon Crawl Stone Soup version 0.20-a0-1020-g7b9e4fe (console) character file.

349 pagos the Poker (level 6, -1/49 HPs)
             Began as a Merfolk Abyssal Knight on Apr 19, 2017.
             Was a Believer of Lugonu.
             Killed from afar by an orc wizard (8 damage)
             ... with a magic dart
             ... on level 3 of the Dungeon.
             The game lasted 00:07:02 (3304 turns).

pagos the Poker (Merfolk Abyssal Knight)            Turns: 3304, Time: 00:07:03

Health: -1/49      AC:  4    Str: 14    XL:     6   Next: 60%
Magic:  8/8        EV: 13    Int: 16    God:    Lugonu [**....]
Gold:   133        SH:  0    Dex: 13    Spells: 5/5 levels left

rFire    . . .     SeeInvis .   a - +1 spear
rCold    . . .     Gourm    .   (no shield)
rNeg     . . .     Faith    .   b - +0 leather armour
rPois    .         Spirit   .   (no helmet)
rElec    .         Reflect  .   l - +0 cloak
rCorr    .         Harm     .   (no gloves)
MR       .....                  (no boots)
Stlth    +.........             (no amulet)
Regen    0.2/turn               f - +4 ring of intelligence
MPRegen  0.2/turn               (no ring)

@: very slightly contaminated, slowed, invisible, very slow
A: change form in water, swift swim, stealthy swim
a: Depart the Abyss, Bend Space, Renounce Religion


You were on level 3 of the Dungeon.
You worshipped Lugonu.
Lugonu was pleased with you.
You were not hungry.

You visited 1 branch of the dungeon, and saw 3 of its levels.
You visited the Abyss 1 time.

You collected 133 gold pieces.

Inventory:

Hand Weapons
 a - a +1 spear (weapon)
 g - a +0 scythe
Armour
 b - a +0 leather armour (worn)
 l - a +0 cloak (worn)
Jewellery
 f - a +4 ring of intelligence (left hand)
 s - an uncursed ring of ice {unknown}
Scrolls
 e - a scroll of immolation {unknown}
 i - a scroll of magic mapping {unknown}
 j - 2 scrolls of remove curse {unknown}
 k - 4 scrolls of identify {unknown}
 n - a scroll of enchant weapon {unknown}
 o - a scroll of recharging {unknown}
 p - a scroll of teleportation {unknown}
 q - a scroll of fear {unknown}
 r - a scroll of blinking {unknown}
Potions
 m - a potion of brilliance {unknown}
 v - a potion of curing {unknown}
Books
 u - Sif Muna's Handbook of Evil Rites
   (You found it on level 3 of the Dungeon)

   Spells                             Type                      Level
   a - Animate Skeleton               Necromancy                   1
Comestibles
 c - 2 bread rations
 d - a royal jelly
 h - 3 fruits


   Skills:
 + Level 4.4 Fighting
 * Level 6.3 Polearms
 + Level 1.9 Armour
 + Level 4.2 Dodging
 + Level 3.2 Invocations


You had 5 spell levels left.
You didn't know any spells.

Dungeon Overview and Level Annotations

Branches:
Dungeon (3/15)

Altars:
Fedhas
Sif Muna


Message History

You hit the worm.
The worm is moderately wounded.
The worm bites you.
* * * LOW HITPOINT WARNING * * *
You hit the worm.
The worm is heavily wounded.
The worm bites you.
* * * LOW HITPOINT WARNING * * *
You hit the worm.
The worm is heavily wounded.
You fade into invisibility!
The orc wizard points at you and mumbles some strange words.
The magic dart hits the worm.
The worm dies!
You are very lightly contaminated with residual magic.
The orc wizard gestures at something while chanting.
You feel as though you will be slow longer.
The orc wizard points at you and mumbles some strange words.
The magic dart hits you!
You die...

#.#......)#..##.##...(.
#.#.......#..##.##.....
##.##.....##..##.##....#
#..####.####...........#
#............###.##....#
#.#.###### #.# .....
#...# .#
###.########.###
#....@)o.....#
#######.##.#.# .# .# .#
.# ##


You could see an orc wizard.

Vanquished Creatures
  Sigmund (D:2)
  2 orc wizards (D:3)
  3 adders (D:2)
  An ooze (D:1)
  2 worms (D:2)
  2 leopard geckos
  3 orcs (D:3)
  3 giant cockroaches
  13 goblins
  4 hobgoblins
  7 jackals
  A quokka (D:3)
  A ball python (D:1)
  12 bats
  2 frilled lizards
  13 kobolds
  11 rats
81 creatures vanquished.

Vanquished Creatures (others)
  An orc wizard (D:3)
  A worm (D:3)
2 creatures vanquished.

Grand Total: 83 creatures vanquished

Notes
Turn   | Place    | Note
-------+----------+-------------------------------------------
     0 | Abyss:1  | pagos the Merfolk Abyssal Knight began the quest for the Orb.
     0 | Abyss:1  | Reached XP level 1. HP: 18/18 MP: 2/2
    59 | Abyss:1  | Noticed a starcursed mass
    61 | Abyss:1  | Noticed a small abomination
    85 | Abyss:1  | Noticed a neqoxec
    92 | D:1      | Escaped the Abyss
   374 | D:1      | Reached * piety under Lugonu
   454 | D:1      | Reached XP level 2. HP: 9/24 MP: 3/3
   771 | D:1      | Reached XP level 3. HP: 23/29 MP: 4/4
   822 | D:1      | Reached skill level 4 in Polearms
  1171 | D:1      | Reached ** piety under Lugonu
  1304 | D:2      | Noticed Sigmund
  1327 | D:2      | HP: 1/30 [something (13)]
  1330 | D:2      | Killed Sigmund
  1330 | D:2      | Reached skill level 5 in Polearms
  1330 | D:2      | Reached skill level 1 in Armour
  1330 | D:2      | Reached XP level 4. HP: 1/37 MP: 4/6
  1330 | D:2      | Reached XP level 5. HP: 1/42 MP: 4/7
  1688 | D:2      | Reached XP level 6. HP: 48/48 MP: 8/8
  2622 | D:3      | Found a deep blue altar of Sif Muna.
  2953 | D:3      | Reached skill level 6 in Polearms
  2957 | D:3      | Identified Sif Muna's Handbook of Evil Rites
  3059 | D:3      | Found a blossoming altar of Fedhas.
  3304 | D:3      | Killed from afar by an orc wizard

Vault maps used:
D:1:      lightli_arrival_statuegarden, hex_medium, solitary_fountain
D:2:      first_bread, grunt_ministairs_5, kennysheep_generic_room_12,
          uniq_sigmund
D:3:      led_sif_book, old_standard_altar, yredelemnul_altar_generic,
          grunt_temple_overflow_open, grunt_ministairs_13, uniq_terence

Skill      XL: |  1  2  3  4  5  6 |
---------------+-------------------+-----
Dodging        | 3 4 |  4.2
Polearms       | 5 6 |  6.3
Fighting       | 4 |  4.4
Armour         | 1 |  1.9
Invocations    | 3 |  3.2

Action                   |  1- 3 |  4- 6 || total
-------------------------+-------+-------++-------
Melee: Spear             |   145 |   211 ||   356
Invok: Depart the Abyss  |     1 |       ||     1
  Use: Potion            |     2 |     2 ||     4
 Stab: Sleeping          |     2 |       ||     2
       Distracted        |       |     1 ||     1
  Eat: Chunk             |     1 |     7 ||     8
Armor: Leather armour    |    21 |    39 ||    60
Dodge: Dodged            |    80 |    95 ||   175
